 Dungeon Crawl Stone Soup version 0.20.1-1-g8b1a95d (webtiles) character file.

126 Linguinho the Bolt Thrower (level 4, 0/35 HPs)
             Began as a Centaur Arcane Marksman on Oct 27, 2017.
             Was an Initiate of Ashenzari.
             Slain by a hobgoblin
             ... wielding a +0 club
              (3 damage)
             ... on level 1 of the Dungeon.
             The game lasted 00:21:42 (3157 turns).

Linguinho the Bolt Thrower (CeAM)                   Turns: 3157, Time: 00:21:43

Health: 0/35       AC:  4    Str: 12    XL:     4   Next: 84%
Magic:  6/6        EV: 10    Int: 12    God:    Ashenzari [......]
Gold:   25         SH:  0    Dex: 11    Spells: 2/5 levels left

rFire    . . .     SeeInvis .   a - +0 hand crossbow (curse)
rCold    . . .     Gourm    .   (no shield)
rNeg     . . .     Faith    .   e - +0 robe (curse)
rPois    .         Spirit   .   (no helmet)
rElec    .         Reflect  .   (no cloak)
rCorr    .         Harm     .   (no gloves)
MR       .....                  (no barding)
Stlth    +.........             (no amulet)
Regen    0.2/turn               j - ring of flight
MPRegen  0.1/turn               (no ring)

@: very quick
A: hooves 3, deformed body, speed 2, tough skin 3
a: Curse Item, Renounce Religion, Evoke Flight


You were on level 1 of the Dungeon.
You worshipped Ashenzari.
Ashenzari was noncommittal.
You were hungry.

You visited 1 branch of the dungeon, and saw 2 of its levels.

You collected 25 gold pieces.

Inventory:

Hand Weapons
 a - a cursed +0 hand crossbow (weapon)
 s - a +0 mace of protection
Missiles
 b - 43 arrows (quivered)
 g - 5 stones
 h - 18 poisoned needles
Armour
 e - a cursed +0 robe (worn)
Jewellery
 j - a ring of flight (left hand)
Wands
 p - a wand of paralysis (2/24)
Scrolls
 o - a scroll of recharging
Potions
 i - a potion of magic {unknown}
 m - a potion of curing {unknown}
 n - a potion of resistance {unknown}
 r - a potion of heal wounds {unknown}
Books
 c - a book of Debilitation

   Spells                             Type                      Level
   a - Corona                         Hexes                        1
   b - Slow                           Hexes                        2
   c - Inner Flame                    Hexes/Fire                   3
   d - Portal Projectile              Hexes/Translocation          3
   e - Cause Fear                     Hexes                        4
   f - Leda's Liquefaction            Hexes/Earth                  4
Comestibles
 f - a bread ration
 q - a meat ration


   Skills:
 * Level 1.4 Fighting
 * Level 3.7 Crossbows
 * Level 1.4 Throwing
 * Level 1.9 Dodging
 * Level 1.3 Spellcasting
 * Level 3.3 Hexes


You had 2 spell levels left.
You knew the following spells:

 Your Spells              Type           Power        Failure   Level  Hunger
a - Corona                Hex            #......      8%          1    ##.....
b - Slow                  Hex            #.......     11%         2    ###....


Dungeon Overview and Level Annotations

Branches:
Dungeon (2/15)

Altars:
Ashenzari


Innate Abilities, Weirdness & Mutations

You have hooves in place of feet.
Armour fits poorly on your strangely shaped body.
You cover ground very quickly.
You have extremely tough skin. (AC +3)


Message History

* * * LOW HITPOINT WARNING * * *
The dart slug closely misses you. The dart slug launches a dart at you.
The slug dart hits you!
* * * LOW HITPOINT WARNING * * *
The kobold hits you but does no damage.
The rat twitches its whiskers.
The rat bites you.
* * * LOW HITPOINT WARNING * * *
Okay, then.
Unknown command.
The kobold hits you.
* * * LOW HITPOINT WARNING * * *
You clumsily bash the rat but do no damage.
Your kick misses the rat. The hobgoblin hits you with a club.
* * * LOW HITPOINT WARNING * * *
The kobold barely misses you. The rat bites you.
* * * LOW HITPOINT WARNING * * *
The hobgoblin hits you with a club.
You die...

######
#.....#########.#.......#
.....#
#>..........>...#######.#
)....#
#.....#####.......r..(#)#
.....#
#......g........#####(#..
.....# #......####.###.# #.###
.....########..##.#.# #.#
#(#.# ...............##.#.#
#.# #(#.#
###'##########)#..#.# #.#
#.#.# #......#.....#@g#.# #.#
#g#.# #......#.#####Kr#.# #.#
#.#.#
###......#.#...ww.#.###.#
#.#..
.##.######.#.#....#...#.#
#.### ..#.# #g#.#.#..###.#.#
#.... ..#.######.#.#.#..#
#.#'#########
#......g...#w#.#..# #........#
# ###.########K#.#..#
#........# #
........r...r#w######........#
#


You could see 2 dart slugs, a hobgoblin, a kobold and a rat.

Vanquished Creatures
  3 gnolls (D:2)
  3 adders (D:2)
  An ooze (D:1)
  4 dart slugs (D:1)
  2 leopard geckos
  A ball python (D:2)
  6 bats
  2 giant cockroaches (D:1)
  3 goblins
  11 hobgoblins
  2 jackals (D:1)
  7 kobolds
  2 quokkas (D:1)
  A frilled lizard (D:1)
  7 rats
55 creatures vanquished.

Notes
Turn   | Place    | Note
-------+----------+-------------------------------------------
     0 | D:1      | Linguinho the Centaur Arcane Marksman began the quest for the Orb.
     0 | D:1      | Reached XP level 1. HP: 16/16 MP: 2/2
   113 | D:1      | Reached XP level 2. HP: 23/23 MP: 3/3
   130 | D:1      | Learned a level 2 spell: Slow
   433 | D:1      | Reached XP level 3. HP: 28/28 MP: 1/4
   989 | D:2      | Found a shattered altar of Ashenzari.
   998 | D:2      | Became a worshipper of Ashenzari the Shackled
  1059 | D:2      | Reached skill level 1 in Throwing
  1456 | D:1      | Reached XP level 4. HP: 35/35 MP: 5/5
  1763 | D:2      | HP: 1/35 [gnoll (4)]
  3157 | D:1      | Slain by a hobgoblin

Skill      XL: |  1  2  3 |
---------------+----------+-----
Hexes          | 3 |  3.3
Throwing       | 1 |  1.4
Crossbows      | 3 |  3.7
Fighting       | |  1.4
Dodging        | |  1.9
Spellcasting   | |  1.3

Action                   |  1- 3 |  4- 6 || total
-------------------------+-------+-------++-------
Melee: Hand crossbow     |       |    62 ||    62
       Kick              |       |     7 ||     7
 Fire: Hand crossbow     |    78 |    33 ||   111
Throw: Stone             |       |    66 ||    66
 Cast: Corona            |    16 |    23 ||    39
       Slow              |       |     2 ||     2
Invok: Curse Item        |     2 |       ||     2
Evoke: Wand              |       |     8 ||     8
  Use: Scroll            |       |     2 ||     2
       Potion            |       |     1 ||     1
 Stab: Paralysed         |       |    13 ||    13
  Eat: Chunk             |     1 |     5 ||     6
Armor: Robe              |    16 |    65 ||    81
Dodge: Dodged            |    31 |   124 ||   155
